Construct Light Support Kompanie
Selects Armored Support Battlegroup
Construct Panzerarmee Kommand
Selects Superior Fire Drills
Walking Stuka Rocket Launcher
Selects Stuka Anti-tank Loiter
Selects Flammpanzer III Medium Tank
Pak 38 Anti-tank Gun Team
Pak 38 Anti-tank Gun Team
Walking Stuka Rocket Launcher
Flak 36 Anti-tank Gun Team
Selects Command Panzer IV F Medium Tank
Construct Mechanized Kompanie
18-tonne Recovery Half-track
254 Reconnaissance Tractor
Flak 36 Anti-tank Gun Team